 Dungeon Crawl Stone Soup version 0.23-a0-703-gdf2d5e0 (webtiles) character file.

108 George the Chopper (level 4, 0/35 HPs)
             Began as a Demonspawn Fighter on Jan 13, 2019.
             Succumbed to an adder's poison
             ... on level 2 of the Dungeon.
             The game lasted 00:04:40 (1294 turns).

George the Chopper (Demonspawn Fighter)             Turns: 1294, Time: 00:04:41

Health: 0/35       AC:  6    Str: 15 (17) XL:     4   Next: 58%
Magic:  4/4        EV: 11    Int: 16 (17) God:
Gold:   94         SH:  9    Dex: 15 (17) Spells: 3/3 levels left

rFire    . . .     SeeInvis .   a - +0 war axe
rCold    . . .     Gourm    .   c - +1 shield
rNeg     . . .     Faith    .   b - +0 scale mail
rPois    .         Spirit   .   (helmet restricted)
rElec    .         Reflect  .   (no cloak)
rCorr    .         Harm     .   (no gloves)
MR       .....     Clarity  +   (no boots)
Stlth    +.........             q - amulet of regeneration
HPRegen  0.11/turn              (no ring)
MPRegen  0.09/turn              (no ring)

@: brilliant, agile, lethally poisoned (0 -> -2), very slightly contaminated
A: antennae 1, clarity, clever 1, deterioration 2, powered by pain 1
a: no special abilities


You were on level 2 of the Dungeon.
You were not hungry.

You visited 1 branch of the dungeon, and saw 2 of its levels.

You collected 94 gold pieces.

Inventory:

Hand Weapons
 a - a +0 war axe (weapon)
Armour
 b - a +0 scale mail (worn)
 c - a +1 shield (worn)
Jewellery
 q - an amulet of regeneration (around neck)
Scrolls
 j - a scroll of enchant armour
 o - a scroll of blinking
Potions
 d - a potion of might
 h - a potion of flight
 i - a potion of haste
 m - a potion of agility
Comestibles
 f - 5 rations


   Skills:
 - Level 3.0 Fighting
 + Level 4.4 Axes
 - Level 2.6 Armour
 - Level 2.6 Shields


You had 3 spell levels left.
You didn't know any spells.
Your spell library was empty.

Dungeon Overview and Level Annotations

Branches:
Dungeon (2/15)

Altars:
Xom


Innate Abilities, Weirdness & Mutations

You have a pair of small antennae on your head.
You sometimes gain a little power by taking damage.
You possess an exceptional clarity of mind.
Your mind is acute. (Int +2)
Your body often deteriorates upon taking damage.


Message History

It is a scroll of amnesia.
You feel forgetful for a moment.
* * * LOW HITPOINT WARNING * * *
You feel sick.
* * * LOW HITPOINT WARNING * * *
You feel sick.
* * * LOW HITPOINT WARNING * * *
You feel sick.
* * * LOW HITPOINT WARNING * * *
You feel sick.
* * * LOW HITPOINT WARNING * * *
You feel sick.
* * * LOW HITPOINT WARNING * * *
You feel sick.
* * * LOW HITPOINT WARNING * * *
You feel sick.
* * * LOW HITPOINT WARNING * * *
You feel sick.
You see here a frilled lizard skeleton.
You die...

####.######
#....##...# ######
#.#.....#.# #....#
#.#.###.#.#
#.##.###
##......####
###.##...#
#...#.###
....####.#
#÷#.#.### #####
#.########.#.#...#
#........@.#†#####
############.# #.#
#.. ###


There were no monsters in sight!

Vanquished Creatures
  2 adders (D:2)
  6 oozes (D:1)
  A worm (D:2)
  A dart slug (D:1)
  3 leopard geckos
  4 bats
  5 giant cockroaches
  6 goblins
  2 hobgoblins (D:1)
  5 jackals (D:1)
  6 kobolds
  A quokka (D:2)
  8 frilled lizards
  7 rats
57 creatures vanquished.

Notes
Turn   | Place    | Note
-------+----------+-------------------------------------------
     0 | D:1      | George the Demonspawn Fighter began the quest for the Orb.
     0 | D:1      | Reached XP level 1. HP: 18/18 MP: 1/1
     1 | D:1      | Found a runed door.
    56 | D:1      | Reached skill level 2 in Axes
    75 | D:1      | Gained mutation: You have a pair of small antennae on your
                  | head. [demonic ancestry]
    75 | D:1      | Reached XP level 2. HP: 15/24 MP: 2/2
   158 | D:1      | Reached skill level 3 in Axes
   212 | D:1      | Gained mutation: You sometimes gain a little power by
                  | taking damage. [demonic ancestry]
   212 | D:1      | Reached XP level 3. HP: 29/29 MP: 3/3
   236 | D:1      | Found a shimmering altar of Xom.
   566 | D:1      | Reached skill level 4 in Axes
   566 | D:1      | Reached XP level 4. HP: 17/35 MP: 4/4
  1260 | D:2      | Gained mutation: Your mind is acute. (Int +2) [potion of
                  | mutation]
  1260 | D:2      | Gained mutation: Your body sometimes deteriorates upon
                  | taking damage. [potion of mutation]
  1260 | D:2      | Gained mutation: Your body often deteriorates upon taking
                  | damage. [potion of mutation]
  1260 | D:2      | Gained mutation: You possess an exceptional clarity of
                  | mind. [potion of mutation]
  1286 | D:2      | HP: 1/35 [poisoned by an adder]
  1294 | D:2      | Succumbed to an adder's poison

Vault maps used:
D:1:      dpeg_arrival_caged_fury, grunt_decor_arrowhead, xom_teletrap_fun
D:2:      kennysheep_generic_room_7, uniq_jessica

Skill      XL: |  1  2  3 |
---------------+----------+-----
Axes           | 2 3 4 |  4.4
Fighting       | |  3.0
Armour         | |  2.6
Shields        | |  2.6

Action                   |  1- 3 |  4- 6 || total
-------------------------+-------+-------++-------
Melee: War axe           |   113 |    52 ||   165
  Use: Scroll            |       |     8 ||     8
       Potion            |       |     4 ||     4
  Eat: Chunk             |       |     2 ||     2
Armor: Scale mail        |    66 |    21 ||    87
Dodge: Dodged            |    29 |     8 ||    37
Block: Shield            |    58 |    26 ||    84

Table legend:
 A = Non-vault XP
 B = Vault XP
 C = Vault XP percentage of total XP
 D = Non-vault monster count
 E = Vault monster count
 F = Vault count percentage of total count
                 A         B        C        D         E       F
            +---------+---------+-------+---------+---------+-------
      Total |      98 |      57 |  36.8 |      39 |      18 |  31.6
            +---------+---------+-------+---------+---------+-------
        D:1 |      50 |      57 |  53.3 |      25 |      18 |  41.9
        D:2 |      48 |       0 |   0.0 |      14 |       0 |   0.0
            +---------+---------+-------+---------+---------+-------
